TOP OF THE 1ST |
Albuquerque Isotopes batting - Pitching for District 9 Prawns : RHP Víctor Ventura
|
Pitching: RHP Víctor Ventura
|
|
Batting: RHB Gonzalo Gil
|
0-0: Ball 1-0: Swinging Strike 1-1: Ball 2-1: Called Strike 2-2: Fly out, F9 (Flyball, 9S)
|
Batting: RHB Juan Vareas
|
0-0: Ball 1-0: Ball 2-0: Called Strike 2-1: Foul Ball, location: 2F 2-2: Strikes out swinging
|
Batting: LHB Fernando Ortíz
|
0-0: Called Strike 0-1: Ball 1-1: Ball 2-1: Swinging Strike 2-2: Ball 3-2: Foul Ball, location: 2F 3-2: Strikes out swinging
|
Top of the 1st over - 0 run(s), 0 hit(s), 0 error(s), 0 left on base; Albuquerque 0 - District 9 0 |
BOTTOM OF THE 1ST |
District 9 Prawns batting - Pitching for Albuquerque Isotopes : RHP Zózimo Pascoal
|
Pitching: RHP Zózimo Pascoal
|
|
Batting: RHB Gil Palmer
|
0-0: Swinging Strike 0-1: Ball 1-1: Foul Ball, location: 2F 1-2: Ball 2-2: Ball 3-2: Strikes out looking
|
Batting: RHB José Colón
|
0-0: Foul Ball, location: 2F 0-1: Swinging Strike 0-2: Strikes out swinging
|
Batting: RHB Phil Jacobs
|
0-0: Foul Ball, location: 2F 0-1: Foul Ball, location: 2F 0-2: Strikes out looking
|
Bottom of the 1st over - 0 run(s), 0 hit(s), 0 error(s), 0 left on base; Albuquerque 0 - District 9 0 |
TOP OF THE 2ND |
Albuquerque Isotopes batting - Pitching for District 9 Prawns : RHP Víctor Ventura
|
Batting: RHB Will Lott
|
0-0: Ground out 5-3 (Groundball, 56)
|
Batting: LHB José González
|
0-0: Ball 1-0: Ball 2-0: SINGLE (Groundball, 4MD)
|
Batting: RHB Arturo García
|
0-0: Ball 1-0: Ball 2-0: Ball 3-0: Called Strike 3-1: Base on Balls José González to second
|
Batting: RHB Sam Wallace
|
0-0: Called Strike 0-1: Ball 1-1: Ball 2-1: SINGLE (Flyball, 89S) José González to third Arturo García to second
|
Batting: RHB Jesse McKnight
|
0-0: Called Strike 0-1: Called Strike 0-2: Ball 1-2: Foul Ball, location: 2F 1-2: SINGLE (Line Drive, 7S) José González scores Arturo García to third Sam Wallace to second Runner from 3rd tries for Home, SAFE, throw made home Sam Wallace to third Jesse McKnight to second
|
Batting: LHB Héctor Cruz
|
0-0: Ball 1-0: Called Strike 1-1: Called Strike 1-2: SINGLE (Groundball, 6MD) Sam Wallace scores Jesse McKnight to third Runner from 3rd tries for Home, SAFE, throw made home Héctor Cruz to second
|
Batting: RHB Gonzalo Gil
|
0-0: Ball 1-0: Fly out, F8 (Flyball, 8LM)
|
Batting: RHB Juan Vareas
|
0-0: Ball 1-0: Foul Ball, location: 2F 1-1: Foul Ball, location: 2F 1-2: Foul Ball, location: 2F 1-2: Foul Ball, location: 2F 1-2: Ball 2-2: Strikes out swinging
|
Top of the 2nd over - 4 run(s), 4 hit(s), 0 error(s), 1 left on base; Albuquerque 4 - District 9 0 |
BOTTOM OF THE 2ND |
District 9 Prawns batting - Pitching for Albuquerque Isotopes : RHP Zózimo Pascoal
|
Batting: LHB Ralph Schultz
|
0-0: Ball 1-0: Ball 2-0: Ball 3-0: Base on Balls
|
Batting: LHB Mike Davis
|
0-0: Ball 1-0: Called Strike 1-1: Ball 2-1: Ball 3-1: Base on Balls Ralph Schultz to second
|
Batting: RHB Reynold Akker
|
0-0: Called Strike 0-1: Ball 1-1: Fly out, F7 (Line Drive, 7D) Runner from 2nd tags up, SAFE at 3rd, no throw
|
Batting: LHB Manuel Cardenas
|
0-0: Ball 1-0: Ball 2-0: Called Strike 2-1: Ball 3-1: Foul Ball, location: 2F 3-2: Fly out, F6 (Popup, 6)
|
Batting: LHB Terry Simpson
|
0-0: Ball 1-0: Swinging Strike 1-1: Fielders Choice at 2nd, 4-6 (Groundball, 34)
|
Bottom of the 2nd over - 0 run(s), 0 hit(s), 0 error(s), 1 left on base; Albuquerque 4 - District 9 0 |
TOP OF THE 3RD |
Albuquerque Isotopes batting - Pitching for District 9 Prawns : RHP Víctor Ventura
|
Batting: LHB Fernando Ortíz
|
0-0: Ball 1-0: Ball 2-0: Reached on error, E4 (Groundball, 4)
|
Batting: RHB Will Lott
|
0-0: Fly out, F7 (Flyball, 78S)
|
Batting: LHB José González
|
0-0: Called Strike 0-1: Foul Ball, location: 2F 0-2: Foul Ball, location: 2F 0-2: Ball 1-2: Ball 2-2: Strikes out swinging
|
Batting: RHB Arturo García
|
0-0: Ball 1-0: Foul Ball, location: 2F 1-1: Called Strike 1-2: Ball Fernando Ortíz steals 2nd base 2-2: Strikes out swinging
|
Top of the 3rd over - 0 run(s), 0 hit(s), 1 error(s), 1 left on base; Albuquerque 4 - District 9 0 |
BOTTOM OF THE 3RD |
District 9 Prawns batting - Pitching for Albuquerque Isotopes : RHP Zózimo Pascoal
|
Batting: LHB Culley Vaughan
|
0-0: Ball 1-0: Called Strike 1-1: Foul Ball, location: 2F 1-2: Ground out U3 (Groundball, 34)
|
Batting: RHB Gil Palmer
|
0-0: Ball 1-0: Ball 2-0: Foul Ball, location: 2F 2-1: Fly out, F8 (Flyball, 8RS)
|
Batting: RHB José Colón
|
0-0: Ball 1-0: Fly out, F7 (Flyball, 7)
|
Bottom of the 3rd over - 0 run(s), 0 hit(s), 0 error(s), 0 left on base; Albuquerque 4 - District 9 0 |
TOP OF THE 4TH |
Albuquerque Isotopes batting - Pitching for District 9 Prawns : RHP Víctor Ventura
|
Batting: RHB Sam Wallace
|
0-0: Ball 1-0: Ball 2-0: Ball 3-0: Called Strike 3-1: Base on Balls
|
Batting: RHB Jesse McKnight
|
0-0: Foul Ball, location: 2F 0-1: Foul Ball, location: 2F 0-2: Strikes out looking
|
Batting: LHB Héctor Cruz
|
0-0: Called Strike 0-1: Fly out, F8 (Line Drive, 8RM)
|
Batting: RHB Gonzalo Gil
|
0-0: Called Strike 0-1: Ball 1-1: Ball 2-1: Called Strike 2-2: Ball 3-2: Fly out, F9 (Flyball, 9S)
|
Top of the 4th over - 0 run(s), 0 hit(s), 0 error(s), 1 left on base; Albuquerque 4 - District 9 0 |
BOTTOM OF THE 4TH |
District 9 Prawns batting - Pitching for Albuquerque Isotopes : RHP Zózimo Pascoal
|
Batting: RHB Phil Jacobs
|
0-0: Reached on error, E6 (Groundball, 56)
|
Batting: LHB Ralph Schultz
|
0-0: Ball 1-0: Ball 2-0: Ball 3-0: Base on Balls Phil Jacobs to second
|
Batting: LHB Mike Davis
|
0-0: Foul Ball, location: 2F 0-1: Called Strike 0-2: Ball 1-2: Strikes out swinging
|
Batting: RHB Reynold Akker
|
0-0: Called Strike 0-1: Foul Ball, location: 2F 0-2: Strikes out swinging
|
Batting: LHB Manuel Cardenas
|
0-0: Foul Ball, location: 2F 0-1: Swinging Strike 0-2: Ball 1-2: SINGLE (Flyball, 7LS) Phil Jacobs to third Ralph Schultz to second Runner from 3rd tries for Home, SAFE, no throw
|
Batting: LHB Terry Simpson
|
0-0: Ball 1-0: SINGLE (Line Drive, 78M) Ralph Schultz to third Manuel Cardenas to second Runner from 3rd tries for Home, SAFE, no throw
|
Batting: LHB Culley Vaughan
|
0-0: Called Strike 0-1: Swinging Strike 0-2: Ground out 1-3 (Groundball, P)
|
Bottom of the 4th over - 2 run(s), 2 hit(s), 1 error(s), 2 left on base; Albuquerque 4 - District 9 2 |
TOP OF THE 5TH |
Albuquerque Isotopes batting - Pitching for District 9 Prawns : RHP Víctor Ventura
|
Batting: RHB Juan Vareas
|
0-0: Called Strike 0-1: Ball 1-1: Ball 2-1: Ball 3-1: Base on Balls
|
Batting: LHB Fernando Ortíz
|
0-0: Foul Ball, location: 2F 0-1: Foul Ball, location: 2F 0-2: Ball 1-2: SINGLE (Line Drive, 34) Juan Vareas to second
|
Batting: RHB Will Lott
|
0-0: Ball 1-0: Ball Wild Pitch! Juan Vareas to third Fernando Ortíz to second 2-0: Called Strike 2-1: Ball 3-1: Base on Balls
|
Pitching: LHP Ben Johnson
|
|
Batting: LHB José González
|
0-0: Ball 1-0: SINGLE (Groundball, 3D) Juan Vareas scores Fernando Ortíz to third Will Lott to second Runner from 3rd tries for Home, SAFE, no throw
|
Batting: RHB Arturo García
|
0-0: Ball 1-0: Called Strike 1-1: Ball 2-1: Ball 3-1: Fly out, F5 (Line Drive, 5)
|
Batting: RHB Sam Wallace
|
0-0: Ball Passed Ball! Will Lott to third José González to second 1-0: Foul Ball, location: 2F 1-1: Ball 2-1: Ball 3-1: Base on Balls
|
Batting: RHB Jesse McKnight
|
0-0: Ball 1-0: Fly out, F5 (Line Drive, 5)
|
Batting: LHB Héctor Cruz
|
0-0: Foul Ball, location: 2F 0-1: Fly out, F1 (Line Drive, 13S)
|
Top of the 5th over - 2 run(s), 2 hit(s), 0 error(s), 3 left on base; Albuquerque 6 - District 9 2 |
BOTTOM OF THE 5TH |
District 9 Prawns batting - Pitching for Albuquerque Isotopes : RHP Zózimo Pascoal
|
Batting: RHB Gil Palmer
|
0-0: Called Strike 0-1: Called Strike 0-2: Ball 1-2: Foul Ball, location: 2F 1-2: Ball 2-2: Fly out, F8 (Flyball, 8LD)
|
Batting: RHB José Colón
|
0-0: Called Strike 0-1: SINGLE (Line Drive, 78S)
|
Batting: RHB Phil Jacobs
|
0-0: SINGLE (Line Drive, 7S) José Colón to second
|
Batting: LHB Ralph Schultz
|
0-0: Swinging Strike 0-1: Called Strike 0-2: Ball 1-2: Ball 2-2: Ball 3-2: Foul Ball, location: 2F 3-2: Foul Ball, location: 2F 3-2: Foul Ball, location: 2F 3-2: Base on Balls José Colón to third Phil Jacobs to second
|
Batting: LHB Mike Davis
|
0-0: Ball 1-0: Foul Ball, location: 2F 1-1: Fly out, F7 (Flyball, 7)
|
Batting: RHB Reynold Akker
|
0-0: Ball 1-0: Called Strike 1-1: Foul Ball, location: 2F 1-2: Ball 2-2: Fielders Choice at 2nd, 6-4 (Groundball, 6)
|
Bottom of the 5th over - 0 run(s), 2 hit(s), 0 error(s), 2 left on base; Albuquerque 6 - District 9 2 |
TOP OF THE 6TH |
Albuquerque Isotopes batting - Pitching for District 9 Prawns : LHP Ben Johnson
|
Batting: RHB Gonzalo Gil
|
0-0: Foul Ball, location: 2F 0-1: Ball 1-1: Called Strike 1-2: SINGLE (Groundball, 6D)
|
Batting: RHB Juan Vareas
|
0-0: Ball 1-0: Foul Ball, location: 2F 1-1: Called Strike 1-2: Strikes out swinging
|
Batting: LHB Fernando Ortíz
|
0-0: Ball 1-0: Called Strike 1-1: Foul Ball, location: 2F 1-2: Ball 2-2: Ball 3-2: Base on Balls Gonzalo Gil to second
|
Batting: RHB Will Lott
|
0-0: Called Strike 0-1: Ball 1-1: Swinging Strike 1-2: SINGLE (Groundball, 56D) Gonzalo Gil to third Fernando Ortíz to second Runner from 3rd tries for Home, SAFE, no throw
|
Batting: LHB José González
|
0-0: Called Strike 0-1: Ball 1-1: Foul Ball, location: 2F 1-2: Foul Ball, location: 2F 1-2: Strikes out swinging
|
Batting: RHB Arturo García
|
0-0: Ball 1-0: SINGLE (Line Drive, 56) Fernando Ortíz to third Will Lott to second Runner from 3rd tries for Home, SAFE, no throw
|
Batting: RHB Sam Wallace
|
0-0: Ball 1-0: Fly out, F9 (Flyball, 89S)
|
Top of the 6th over - 2 run(s), 3 hit(s), 0 error(s), 2 left on base; Albuquerque 8 - District 9 2 |
BOTTOM OF THE 6TH |
District 9 Prawns batting - Pitching for Albuquerque Isotopes : RHP Zózimo Pascoal
|
Pitching: RHP Rafael Trujillo
|
|
Batting: LHB Manuel Cardenas
|
0-0: Ball 1-0: Foul Ball, location: 2F 1-1: Ball 2-1: Foul Ball, location: 2F 2-2: Foul Ball, location: 2F 2-2: Ground out 4-3 (Groundball, 34)
|
Batting: LHB Terry Simpson
|
0-0: Ball 1-0: Ball 2-0: Swinging Strike 2-1: Ball 3-1: Swinging Strike 3-2: Base on Balls
|
Batting: LHB Culley Vaughan
|
0-0: Foul Ball, location: 2F 0-1: Called Strike 0-2: Grounds into double play, 4-6-3 (Groundball, 4)
|
Bottom of the 6th over - 0 run(s), 0 hit(s), 0 error(s), 0 left on base; Albuquerque 8 - District 9 2 |
TOP OF THE 7TH |
Albuquerque Isotopes batting - Pitching for District 9 Prawns : LHP Ben Johnson
|
Batting: RHB Jesse McKnight
|
0-0: Ball 1-0: Ground out 4-3 (Groundball, 4)
|
Batting: LHB Héctor Cruz
|
0-0: Ball 1-0: Ball 2-0: SINGLE (Groundball, 6MD)
|
Batting: RHB Gonzalo Gil
|
0-0: Called Strike 0-1: Called Strike 0-2: SINGLE (Groundball, 6MD) Héctor Cruz to second
|
Pitching: RHP Fernando Mendoza
|
|
Batting: RHB Juan Vareas
|
0-0: Ball 1-0: Swinging Strike 1-1: Fly out, F8 (Flyball, 8LD) Runner from 2nd tags up, SAFE at 3rd, no throw
|
Batting: LHB Fernando Ortíz
|
0-0: Fly out, F8 (Flyball, 8LS)
|
Top of the 7th over - 0 run(s), 2 hit(s), 0 error(s), 2 left on base; Albuquerque 8 - District 9 2 |
BOTTOM OF THE 7TH |
District 9 Prawns batting - Pitching for Albuquerque Isotopes : RHP Rafael Trujillo
|
Batting: RHB Gil Palmer
|
0-0: Foul Ball, location: 2F 0-1: Called Strike 0-2: Ball 1-2: Ball 2-2: Foul Ball, location: 2F 2-2: Foul Ball, location: 2F 2-2: Ball 3-2: Base on Balls
|
Batting: RHB José Colón
|
0-0: Called Strike 0-1: Ball 1-1: Ball 2-1: Fly out, F8 (Flyball, 8LXD)
|
Batting: RHB Phil Jacobs
|
0-0: Ball 1-0: Called Strike 1-1: Foul Ball, location: 2F 1-2: Ball 2-2: Grounds into double play, 4-6-3 (Groundball, 4)
|
Bottom of the 7th over - 0 run(s), 0 hit(s), 0 error(s), 0 left on base; Albuquerque 8 - District 9 2 |
TOP OF THE 8TH |
Albuquerque Isotopes batting - Pitching for District 9 Prawns : RHP Fernando Mendoza
|
Batting: RHB Will Lott
|
0-0: Fly out, F6 (Popup, 6D)
|
Batting: LHB José González
|
0-0: Ball 1-0: Ball 2-0: Swinging Strike 2-1: Foul Ball, location: 2F 2-2: Foul Ball, location: 2F 2-2: Ball 3-2: Base on Balls
|
Batting: RHB Arturo García
|
0-0: Ball 1-0: Ball 2-0: Ball 3-0: Called Strike 3-1: Foul Ball, location: 2F 3-2: Strikes out looking
|
Batting: RHB Sam Wallace
|
0-0: Ball 1-0: Fly out, F8 (Flyball, 78D)
|
Top of the 8th over - 0 run(s), 0 hit(s), 0 error(s), 1 left on base; Albuquerque 8 - District 9 2 |
BOTTOM OF THE 8TH |
District 9 Prawns batting - Pitching for Albuquerque Isotopes : RHP Rafael Trujillo
|
Now at SS: Luis Martínez
|
|
Batting: LHB Ralph Schultz
|
0-0: Foul Ball, location: 2F 0-1: Called Strike 0-2: Strikes out swinging
|
Batting: LHB Mike Davis
|
0-0: Called Strike 0-1: Fly out, F8 (Flyball, 8LD)
|
Batting: RHB Reynold Akker
|
0-0: Foul Ball, location: 2F 0-1: SOLO HOME RUN (Flyball, 7D), Distance : 392 ft
|
Batting: LHB Manuel Cardenas
|
0-0: Ball 1-0: Ball 2-0: Foul Ball, location: 2F 2-1: Ball 3-1: Base on Balls
|
Batting: LHB Terry Simpson
|
0-0: Ball 1-0: Swinging Strike 1-1: Ball 2-1: Foul Ball, location: 2F 2-2: Foul Ball, location: 2F 2-2: Ball 3-2: Base on Balls Manuel Cardenas to second
|
Batting: LHB Culley Vaughan
|
0-0: Swinging Strike 0-1: Ball 1-1: Called Strike 1-2: Strikes out swinging
|
Bottom of the 8th over - 1 run(s), 1 hit(s), 0 error(s), 2 left on base; Albuquerque 8 - District 9 3 |
TOP OF THE 9TH |
Albuquerque Isotopes batting - Pitching for District 9 Prawns : RHP Fernando Mendoza
|
Pitching: RHP Mike Stabler
|
|
Batting: RHB Jesse McKnight
|
0-0: Ball 1-0: SINGLE (Line Drive, 56)
|
Batting: LHB Héctor Cruz
|
0-0: Ball 1-0: Ball 2-0: Called Strike 2-1: Called Strike 2-2: Strikes out swinging
|
Batting: RHB Gonzalo Gil
|
0-0: Called Strike 0-1: Foul Ball, location: 2F 0-2: Fly out, F7 (Line Drive, 7S)
|
Batting: RHB Juan Vareas
|
Balk! Jesse McKnight to second 0-0: Ball 1-0: Ball 2-0: Foul Ball, location: 2F 2-1: Ground out 1-3 (Groundball, 15S)
|
Top of the 9th over - 0 run(s), 1 hit(s), 0 error(s), 1 left on base; Albuquerque 8 - District 9 3 |
BOTTOM OF THE 9TH |
District 9 Prawns batting - Pitching for Albuquerque Isotopes : RHP Rafael Trujillo
|
Pitching: LHP Austin Wall
|
|
Now at 2B: Raúl Bauza
|
|
Batting: RHB Gil Palmer
|
0-0: Called Strike 0-1: Ball 1-1: Called Strike 1-2: Ball 2-2: Strikes out swinging
|
Batting: RHB José Colón
|
0-0: Ball 1-0: Swinging Strike 1-1: Ball 2-1: Ball 3-1: Called Strike 3-2: Base on Balls
|
Batting: RHB Phil Jacobs
|
0-0: Ball 1-0: Swinging Strike 1-1: Called Strike 1-2: Foul Ball, location: 2F 1-2: Foul Ball, location: 2F 1-2: Strikes out swinging
|
Batting: LHB Ralph Schultz
|
0-0: Ball 1-0: Ball 2-0: Called Strike 2-1: Ball 3-1: Base on Balls José Colón to second
|
Batting: LHB Mike Davis
|
0-0: Called Strike 0-1: Swinging Strike 0-2: Foul Ball, location: 2F 0-2: Foul Ball, location: 2F 0-2: Strikes out swinging
|
Bottom of the 9th over - 0 run(s), 0 hit(s), 0 error(s), 2 left on base; Albuquerque 8 - District 9 3 |
|